 Dungeon Crawl Stone Soup version 0.31.0-9-g3a7656b989 (webtiles) character file.

Game seed: 9465243598426426651

280 qw the Skirmisher (level 6, 0/35 HPs)
             Began as a Deep Elf Hunter on Feb 2, 2024.
             Incinerated by a bombardier beetle (3 damage)
             ... with a burning spray
             ... on level 4 of the Dungeon.
             The game lasted 00:00:10 (2205 turns).

qw the Skirmisher (Deep Elf Hunter)                 Turns: 2205, Time: 00:00:10

Health: 0/35       AC:  7    Str: 10    XL:     6   Next: 5%
Magic:  8/8        EV: 11    Int: 14    God:
Gold:   34         SH:  0    Dex: 18    Spells: 5/5 levels left

rFire   . . .        a - +0 shortbow
rCold   . . .        (shield currently unavailable)
rNeg    . . .        g - +0 ring mail of Nacis {SInv}
rPois   .            i - +0 helmet
rElec   .            e - +0 cloak
rCorr   .            (no gloves)
SInv    +            (no boots)
Will    .....        (no amulet)
Stlth   +            (no ring)
HPRegen 0.25/turn    (no ring)
MPRegen 0.11/turn

%: no passive effects
@: on fire, glowing
A: no striking features
a: no special abilities


You were on level 4 of the Dungeon.
You visited 1 branch of the dungeon, and saw 4 of its levels.

You collected 160 gold pieces.
You spent 126 gold pieces at shops.


   Skills:
 - Level 2.1 Fighting
 + Level 9.2 Ranged Weapons
 - Level 1.0 Armour
 - Level 2.4 Dodging
 - Level 1.2 Stealth


You had 5 spell levels left.
You didn't know any spells.
Your spell library was empty.

Inventory:

Hand Weapons
 a - a +0 shortbow (weapon)
Armour
 e - a +0 cloak (worn)
 g - the +0 ring mail of Nacis (worn) {SInv}
   (You found it on level 3 of the Dungeon)

   SInv:      It lets you see invisible.
 i - a +0 helmet (worn)
Potions
 d - a potion of curing
 h - a potion of brilliance {unknown}
 j - a potion of heal wounds

Dungeon Overview and Level Annotations

Branches:
Dungeon (4/15)
 Temple: D:4-7

Altars:

Shops:
D:3 *

Annotations:
D:3 1 runed translucent door, qw's ghost, amateur SpHu


Message History

The bombardier beetle is severely wounded.
The bombardier beetle barely misses you.
You shoot an arrow. The arrow hits the bombardier beetle.
The bombardier beetle is almost dead.
You shoot an arrow. The arrow hits the bombardier beetle.
The bombardier beetle is almost dead.
The bombardier beetle sprays incendiary fluid at you.
The burning spray hits you.
You are covered in liquid fire!
You shoot an arrow.
The arrow barely misses the bombardier beetle.
The liquid fire burns you!
The bombardier beetle sprays incendiary fluid at you.
The burning spray misses you.
You shoot an arrow. The arrow hits the bombardier beetle!
You kill the bombardier beetle!
The liquid fire burns you!
An adder comes into view.
Your Armour skill increases to level 1!
You have reached level 6!
You shoot an arrow. The adder hisses angrily.
The arrow hits the adder.
The adder is moderately wounded.
The liquid fire burns you!
You shoot an arrow. The arrow hits the adder!
You kill the adder!
The liquid fire burns you!
You are on fire!
The liquid fire burns you!
You are on fire!
The liquid fire burns you!
You are on fire!
The liquid fire burns you!
You are on fire!
The liquid fire burns you!
You are on fire!
The liquid fire burns you!
You are on fire!
The liquid fire burns you!
You die...

# #####.##
#### #..##
. !..#
##..# .
##.# ##.#
.# .. #.##
##.## #.#
#..# #....
#
##.####..#
#.......#
#####@#..#
#..%.# $.#
#.#### .#
.. # #. #


There were no monsters in sight!

Vanquished Creatures
  A bombardier beetle (D:4)
  2 orc priests (D:4)
  A sleepcap (D:2)
  Jessica (D:2)
  5 adders
  2 dart slugs (D:2)
  2 ribbon worms (D:3)
  4 orcs
  8 ball pythons
  8 endoplasms
  4 giant cockroaches
  12 goblins
  3 hobgoblins
  2 jackals (D:1)
  4 quokkas
  4 bats
  4 frilled lizards
  7 kobolds
  4 rats
78 creatures vanquished.

Notes
Turn   | Place    | Note
-------+----------+-------------------------------------------
     0 | D:1      | qw the Deep Elf Hunter began the quest for the Orb.
     0 | D:1      | Reached XP level 1. HP: 12/12 MP: 3/3
     0 | D:1      | 0 ||| qw: Version: 0.3-a-155-g5e7d8dd
     0 | D:1      | 0 ||| qw: Game counter: 1431
     0 | D:1      | 0 ||| qw: Melee chars always use a shield: true
     0 | D:1      | 0 ||| qw: God list: Okawaru
     0 | D:1      | 0 ||| qw: Allow faded altars: false
     0 | D:1      | 0 ||| qw: Do Orc after clearing Dungeon:15 true
     0 | D:1      | 0 ||| qw: Do second Lair branch before Depths: true
     0 | D:1      | 0 ||| qw: Lair rune preference: random
     0 | D:1      | 0 ||| qw: Goals: Normal
     0 | D:1      | 0 ||| PLANNING D:1-11
    84 | D:1      | Reached XP level 2. HP: 16/16 MP: 4/4
    85 | D:1      | Reached skill level 6 in Ranged Weapons
   105 | D:1      | Found a faded altar of an unknown god.
   292 | D:1      | HP: 3/16 [kobold/+0 short sword (3)]
   293 | D:1      | HP: 1/16 [kobold/+0 short sword (3)]
   295 | D:1      | Reached XP level 3. HP: 1/20 MP: 5/5
   583 | D:1      | 583 ||| UPGRADING to +0 cloak.
   588 | D:1      | 588 ||| UPGRADING to +0 ring mail.
   598 | D:1      | 598 ||| DROPPING +0 leather armour.
   599 | D:1      | 599 ||| DROPPING amulet of magic regeneration.
   600 | D:1      | 600 ||| READING scroll labelled OKHLOPTOGUU.
   701 | D:1      | 701 ||| READING scroll labelled REQILO OM EWO.
   701 | D:1      | 701 ||| IDENTIFYING fizzy grey potion
   702 | D:1      | 702 ||| DROPPING scroll of butterflies.
   874 | D:2      | Reached skill level 7 in Ranged Weapons
   985 | D:2      | Noticed Jessica
   995 | D:2      | Killed Jessica
   996 | D:2      | Reached XP level 4. HP: 19/25 MP: 6/6
  1226 | D:2      | Reached skill level 8 in Ranged Weapons
  1288 | D:2      | Reached XP level 5. HP: 29/29 MP: 7/7
  1587 | D:2      | 1587 ||| READING 2 scrolls of identify.
  1587 | D:2      | 1587 ||| IDENTIFYING murky emerald potion
  1588 | D:2      | 1588 ||| READING scroll of identify.
  1588 | D:2      | 1588 ||| IDENTIFYING scroll labelled URUGUWNAZAH
  1589 | D:2      | 1589 ||| READING scroll labelled KIXKUM SAHEW.
  1590 | D:2      | 1590 ||| DROPPING potion of magic.
  1591 | D:2      | 1591 ||| DROPPING scroll of fear.
  1701 | D:3      | Found a runed translucent door.
  1705 | D:3      | Noticed qw's ghost (amateur SpHu)
  1791 | D:3      | Identified the +0 ring mail of Nacis {SInv}
  1936 | D:3      | Found Ukyrheur's General Store.
  1942 | D:3      | 1942 ||| BUYING +0 helmet (49 gold).
  1942 | D:3      | Bought a +0 helmet for 49 gold pieces
  1942 | D:3      | 1942 ||| BUYING potion of heal wounds (55 gold).
  1942 | D:3      | Bought a potion of heal wounds for 55 gold pieces
  1942 | D:3      | 1942 ||| BUYING scroll of identify (22 gold).
  1942 | D:3      | Bought a scroll of identify for 22 gold pieces
  2073 | D:3      | 2073 ||| UPGRADING to +0 ring mail of Nacis {SInv}.
  2083 | D:3      | 2083 ||| DROPPING +0 ring mail.
  2084 | D:3      | 2084 ||| UPGRADING to +0 helmet.
  2089 | D:3      | 2089 ||| READING scroll of identify.
  2089 | D:3      | 2089 ||| IDENTIFYING coppery potion
  2090 | D:3      | 2090 ||| READING scroll labelled IMAZXI HAIF.
  2091 | D:3      | 2091 ||| DROPPING potion of degeneration.
  2120 | D:4      | Reached skill level 9 in Ranged Weapons
  2198 | D:4      | Reached skill level 1 in Armour
  2198 | D:4      | Reached XP level 6. HP: 29/35 MP: 8/8
  2203 | D:4      | HP: 7/35 [burnt (2)]
  2204 | D:4      | HP: 3/35 [burnt (5)]
  2205 | D:4      | Incinerated by a bombardier beetle

Levels and vault maps discovered:
D:1:      wheals_arrival_linesprint, layout_rooms,
          shapermc_ecumenical_altar_mp_ritualfount
D:2:      minmay_chambers_of_twos, layout_loops_ring, uniq_jessica
D:3:      layout_rooms, serial_shops, shop, ebering_ghost_sewer_d
D:4:      layout_rooms, grunt_dithmenos_smoke, mainiacjoe_overflow_cross_hatched

Skill      XL: |  1  2  3  4  5 |
---------------+----------------+-----
Ranged Weapons | 6 7 8 9 |  9.2
Fighting       | 2 |  2.1
Armour         | 1 |  1.0
Dodging        | |  2.4
Stealth        | |  1.2

Action                     |  1- 3 |  4- 6 || total
---------------------------+-------+-------++-------
   Fire: Shortbow          |   104 |   143 ||   247
    Use: Scroll            |     2 |     5 ||     7
 Armour: Leather armour    |    13 |       ||    13
         Ring mail         |     6 |    38 ||    44
  Dodge: Dodged            |    39 |    39 ||    78

Table legend:
 A = Non-vault XP
 B = Vault XP
 C = Vault XP percentage of total XP
 D = Non-vault monster count
 E = Vault monster count
 F = Vault count percentage of total count
                 A         B        C        D         E       F
            +---------+---------+-------+---------+---------+-------
      Total |     338 |      63 |  15.7 |      69 |       9 |  11.5
            +---------+---------+-------+---------+---------+-------
        D:1 |      45 |       0 |   0.0 |      27 |       0 |   0.0
        D:2 |     110 |      63 |  36.4 |      21 |       9 |  30.0
        D:3 |      33 |       0 |   0.0 |      15 |       0 |   0.0
        D:4 |     150 |       0 |   0.0 |       6 |       0 |   0.0
            +---------+---------+-------+---------+---------+-------
